 Dungeon Crawl Stone Soup version 0.19-a0-787-gcef06a7 (webtiles) character file.

63 Etesian the Skirmisher (level 4, -2/45 HPs)
             Began as an Ogre Warper on June 26, 2016.
             Slain by Terence
             ... wielding a +2 mace of holy wrath
              (4 damage)
             ... on level 2 of the Dungeon.
             The game lasted 00:05:58 (1843 turns).

Etesian the Skirmisher (Ogre Warper)                Turns: 1843, Time: 00:05:58

Health: -2/45      AC:  3    Str: 16    XL:     4   Next: 10%
Magic:  5/8        EV: 10    Int: 12    God:
Gold:   62         SH:  0    Dex: 10    Spells: 3 memorised, 3 levels left

rFire  . . .     SeeInvis .     a - +0 mace
rCold  . . .     Gourm    .     b - +0 robe
rNeg   . . .     Faith    .     (no shield)
rPois  .         Spirit   .     (helmet restricted)
rElec  .         Dismiss  .     (no cloak)
rCorr  .         Reflect  .     (gloves unavailable)
SustAt .         Harm     .     (boots unavailable)
MR     .....                    (no amulet)
Stlth  +.........               (no ring)
                                (no ring)

@: lethally poisoned (-2 -> -3), not resistant to hostile enchantments, very
unstealthy
A: unfitting armour, tough skin 1
a: no special abilities


You were on level 2 of the Dungeon.
You were hungry.

You visited 1 branch of the dungeon, and saw 2 of its levels.

You collected 62 gold pieces.

Inventory:

Hand Weapons
 a - a +0 mace (weapon)
Missiles
 e - 5 tomahawks of dispersal
 r - 17 sling bullets (quivered)
Armour
 b - a +0 robe (worn)
Scrolls
 d - a scroll of blinking
 i - a scroll of amnesia
 s - 2 scrolls of remove curse
Potions
 h - a potion of heal wounds {unknown}
 k - 2 potions of berserk rage
 l - a potion of resistance {unknown}
 m - a potion of lignification {unknown}
 n - a potion of mutation {unknown}
 q - a potion of invisibility
Books
 c - a book of Spatial Translocations

   Spells                             Type                      Level
   a - Apportation                    Translocation                1
   b - Blink                          Translocation                2
   c - Shroud of Golubria             Charms/Translocation         2
   d - Portal Projectile              Translocation                3
   e - Teleport Other                 Translocation                3
   f - Passage of Golubria            Translocation                4
Comestibles
 f - a bread ration
 g - a beef jerky
 j - a slice of pizza
 o - a chunk of flesh


   Skills:
 + Level 3.4 Fighting
 * Level 3.3 Maces & Flails
 - Level 1.0 Throwing
 + Level 2.5 Dodging
 + Level 2.9 Spellcasting
 * Level 2.6 Translocations


You had 3 spell levels left.
You knew the following spells:

 Your Spells              Type           Power        Failure   Level  Hunger
a - Apportation           Tloc           #.........   12%         1    #......
d - Shroud of Golubria    Chrm/Tloc      #.........   21%         2    ###....
e - Blink                 Tloc           N/A          14%         2    ###....


Dungeon Overview and Level Annotations

Branches:
Dungeon (2/15)

Altars:
The Shining One

Annotations:
D:2 Terence


Innate Abilities, Weirdness & Mutations

You are too large for most types of armour.
You have tough skin. (AC +1)


Message History

* * * LOW HITPOINT WARNING * * *
You feel sick.
You take 1 damage, and have 4/45 hp.
* * * LOW HITPOINT WARNING * * *
You feel sick.
You take 1 damage, and have 4/45 hp.
Terence asks, "Do you want it fast or slow?"
* * * LOW HITPOINT WARNING * * *
You feel sick.
You take 1 damage, and have 3/45 hp.
* * * LOW HITPOINT WARNING * * *
You feel sick.
* * * LOW HITPOINT WARNING * * *
You feel sick.
You take 1 damage, and have 2/45 hp.
Casting: Shroud of Golubria
Confirm with . or Enter, or press ? or * to list all spells.
You blink.
Terence hits you with a mace of holy wrath.
You die...

##.....## #.#####.....# ##...##
#.# #.###.# ##.## #.#
##.###.####### #.#
###.####...##.##.....
#####.#######................####
#................###...##.####
..<.......##.....# ##.###.#
......###.##..#.#####.###.##
#.....# #.##..#.@@ยง........##
#.....# #.##..#####.........#####
....#####.##..# #................
##### #......# #.#.........#####
########..###.# #.#........##
..........# #.# #.###.###.##
########.## #.# #.# #.# #.# #.#
#<###.###.# #.# #.# #.........#
#.#


You could see Terence.

Vanquished Creatures
  A gnoll (D:1)
  2 adders (D:2)
  2 dart slugs (D:2)
  A giant gecko (D:1)
  A goblin (D:1)
  2 hobgoblins (D:1)
  4 jackals (D:1)
  6 kobolds
  A quokka (D:2)
  A ball python (D:2)
  3 bats
  4 giant newts
  5 rats
33 creatures vanquished.

Notes
Turn   | Place    | Note
--------------------------------------------------------------
     0 | D:1      | Etesian the Ogre Warper began the quest for the Orb.
     0 | D:1      | Reached XP level 1. HP: 22/22 MP: 3/3
    99 | D:1      | Reached XP level 2. HP: 29/29 MP: 5/5
   139 | D:1      | Found a glowing golden altar of the Shining One.
   549 | D:1      | Reached XP level 3. HP: 2/37 MP: 7/7
   549 | D:1      | HP: 1/37 [bat (1)]
   867 | D:1      | Learned a level 2 spell: Blink
   870 | D:1      | Learned a level 2 spell: Shroud of Golubria
  1208 | D:2      | Noticed Terence
  1817 | D:2      | Reached XP level 4. HP: 19/45 MP: 4/8
  1841 | D:2      | HP: 2/45 [poisoned by an adder]
  1843 | D:2      | Slain by Terence

Vault maps used:
D:1:      lightli_arrival_windingriver, grunt_decor_cap, minmay_misc_feat_iff,
          tso_altar
D:2:      uniq_terence

Skill      XL: |  1  2 |
---------------+-------+-----
Fighting       | 3 |  3.4
Maces & Flails | 3 |  3.3
Throwing       | |  1.0
Dodging        | |  2.5
Spellcasting   | |  2.9
Translocations | |  2.6

Action                   |  1- 3 |  4- 6 || total
-------------------------+-------+-------++-------
Melee: Mace              |   144 |     1 ||   145
 Cast: Shroud of Golubri |     4 |       ||     4
       Blink             |     1 |     1 ||     2
  Use: Scroll            |     9 |       ||     9
 Stab: Sleeping          |     1 |       ||     1
  Eat: Chunk             |     3 |       ||     3
Armor: Robe              |    61 |       ||    61
Dodge: Dodged            |    93 |       ||    93
